 Dungeon Crawl Stone Soup version 0.31-a0-986-g5e6e4ef867 (webtiles) character file.

Game seed: 2869870598578636877

4204 LeprechaunX the Mimic (level 10, -7/68 HPs)
             Began as an Octopode Shapeshifter on Nov 20, 2023.
             Was an Initiate of Hepliaklqana.
             Succumbed to a gnoll sergeant's poison
             ... on level 8 of the Dungeon.
             The game lasted 00:13:03 (8500 turns).

LeprechaunX the Mimic (Octopode Shapeshifter)       Turns: 8500, Time: 00:13:03

Health: -7/68      AC:  5    Str: 16    XL:     10   Next: 29%
Magic:  3/15       EV: 14    Int: 13    God:    Hepliaklqana [......]
Gold:   518        SH:  0    Dex: 13    Spells: 16/16 levels left

rFire   . .          .
                       - Unarmed
rCold   . . .        (no shield)
rNeg    . . .        (helmet currently unavailable)
rPois   .            D - amulet of guardian spirit
rElec   .            u - ring of resist corrosion
rCorr   +            x - +4 ring of protection
SInv    .            y - ring of flight
Will    +....        A - ring of willpower
Stlth   ++           (no ring)
HPRegen 0.31/turn    (no ring)
MPRegen 0.14/turn    (no ring)
                     (no ring)

%: guardian spirit
@: lethally poisoned (-7 -> -52), beast-form, flying
A: beast (slay +4), almost no armour, amphibious, 8 rings, camouflage 1,
gelatinous body 1, (nimble swimmer 1), tentacles
a: Begin Untransformation, Renounce Religion


You were on level 8 of the Dungeon.
You worshipped Hepliaklqana.
Hepliaklqana was noncommittal.
You were a hulking beast.
You visited 2 branches of the dungeon, and saw 9 of its levels.

You collected 518 gold pieces.

Inventory:

Hand Weapons
 a - a +0 sling
 p - the +6 hammer "Fexyli" {heavy, Contam rPois Int+2 SInv}
   (You found it on level 2 of the Dungeon)

   Int+2:     It affects your intelligence (+2).
   rPois:     It protects you from poison SInv: It lets you see invisible.
   Contam:    It causes magical contamination when unequipped.
Missiles
 L - a throwing net
Jewellery
 u - a ring of resist corrosion (left tentacle)
 x - a +4 ring of protection (right tentacle)
 y - a ring of flight (on tentacle)
 A - a ring of willpower (on tentacle)
 D - an amulet of guardian spirit (around mantle)
Talismans
 b - a beast talisman
 c - a flux talisman
Wands
 n - a wand of flame (15) (quivered)
 q - a wand of light (4)
 F - a wand of iceblast (9)
 I - a wand of charming (5)
Scrolls
 e - 2 scrolls of immolation {unknown}
 g - 8 scrolls of identify {unknown}
 i - 4 scrolls of revelation {unknown}
 l - 2 scrolls of blinking {unknown}
 s - a scroll of poison {unknown}
 B - 2 scrolls of teleportation {unknown}
 E - a scroll of fog {unknown}
 G - 4 scrolls of enchant weapon {unknown}
 H - a scroll of noise {unknown}
 K - a scroll of enchant armour {unknown}
Potions
 d - 3 potions of attraction {unknown}
 f - 2 potions of heal wounds {unknown}
 h - a potion of lignification
 j - a potion of resistance {unknown}
 k - a potion of degeneration {unknown}
 m - a potion of haste {unknown}
 o - 3 potions of curing {unknown}
 r - a potion of mutation {unknown}
 t - 2 potions of brilliance {unknown}
 v - 2 potions of invisibility {unknown}
 w - a potion of might {unknown}
 z - a potion of enlightenment {unknown}
 C - a potion of cancellation {unknown}
 J - 2 potions of berserk rage {unknown}


   Skills:
 + Level 6.0 Fighting
 - Level 3.0 Throwing
 - Level 5.0 Dodging
 - Level 6.0 Unarmed Combat
 + Level 3.6 Spellcasting
 + Level 5.4 Evocations
 * Level 8.5 Shapeshifting


You had 16 spell levels left.
You didn't know any spells.
Your spell library contained the following spells:

 Spells                   Type           Power      Damage    Failure   Level
 Blink                    Tloc           4%         N/A       32%         2
 Ozocubu's Armour         Ice            2%         N/A       54%         3
 Manifold Assault         Tloc           2%         N/A       91%         4
 Metabolic Englaciation   Hex/Ice        1%         N/A       99%         5
 Simulacrum               Ice/Necr       1%         N/A       100%        6


Dungeon Overview and Level Annotations

Branches:
Dungeon (8/15)             Temple (1/1) D:6
   Lair: D:8-11

Altars:
Ashenzari
Cheibriados
Dithmenos
Elyvilon
Fedhas
Gozag
Hepliaklqana
Kikubaaqudgha
Makhleb
Nemelex Xobeh
Okawaru
Sif Muna
Uskayaw
Vehumet
Wu Jian
Xom
Yredelemnul
Zin
The Shining One

Shops:
D:3 :[(   D:4 *!


Innate Abilities, Weirdness & Mutations

You are a hulking beast.
Your limbs bulge with bestial killing power. (Slay +4)
You cannot wear most types of armour.
You are amphibious.
You can wear up to eight rings at the same time.
Your skin changes colour to match your surroundings (Stealth+).
Your rubbery body absorbs attacks. (AC +1, EV +1)
((You are camouflaged when in or above water. (Stealth+)))
You have tentacles for arms and can constrict up to eight enemies at once.


Message History

There is an open gate here.
A centaur comes into view.
The orc shouts!
You hear a shout!
You hear a howl!
You hear a roar! x2
You hear a shout!
You hear an angry buzzing noise.
The orc closely misses you.
You bludgeon the orc!
You kill the orc!
No target in view!
No target in view!
A wraith and an ice beast come into view.
Found an orange potion and a cloak.
An acid dragon comes into view. x2
The wraith moves out of view.
There are monsters nearby!
You barely miss the ice beast.
You squeeze the ice beast, but do no damage.
The ice beast hits you. The ice beast freezes you!
A gnoll sergeant comes into view. It is wielding a +0 trident of venom.
The gnoll sergeant hits you from afar with a +0 trident of venom!
You are poisoned.
You feel very sick.
The gnoll sergeant hits you from afar with a +0 trident of venom!
You are more poisoned.
There is an open gate here.
You feel extremely sick.
The centaur wields a +0 shortbow.
The centaur shoots an arrow.
The arrow hits you!
The ice beast attacks as it pursues you!
The ice beast hits you but does no damage.
The gnoll sergeant attacks as it pursues you!
The gnoll sergeant hits you from afar with a +0 trident of venom!
* * * LOW HITPOINT WARNING * * *
You are more poisoned.
A gnoll bouda comes into view.
It is wielding a +0 club and wearing a +1 leather armour of willpower.
* * * LOW HITPOINT WARNING * * *
You feel extremely sick. The ice beast barely misses you.
The gnoll sergeant hits you but does no damage.
You are more poisoned.
You die...

#####...÷..###
......####...#
#.##### ###.#
#†# #.## #.#
.##..### ..#
##.##...# .)#
..W###.# ..#
#.. #.## ..#
## ##.##.h#
.## .[
#...##.# .# #.
#cgY.# [# ##W
##.D.# .#
#...#g.'.# .##
#.).#### ..#
##.## ### #..
### ...#


You could see an acid dragon, an ice beast and a gnoll bouda.

Vanquished Creatures
  A two-headed ogre (D:7)
  A hornet (D:8)
  Sigmund (D:2)
  Eustachio (D:4)
  A steam dragon (D:8)
  2 water moccasins (D:7)
  An orc warrior (D:6)
  A black bear (D:5)
  3 sky beasts
  An ice beast (D:5)
  2 ogres (D:6)
  5 bullfrogs
  3 scorpions
  9 wights
  An electric eel (D:7)
  4 hounds
  6 orc priests
  A jelly (D:6)
  A sleepcap (D:4)
  Crazy Yiuf (D:2)
  7 iguanas
  6 orc wizards
  Natasha (thrice) (D:3)
  Robin (D:2)
  7 adders
  4 gnolls
  2 white imps
  2 worms
  5 dart slugs
  17 orcs
  5 endoplasms
  3 giant cockroaches
  16 goblins
  10 hobgoblins
  7 jackals
  4 kobolds
  5 quokkas
  7 ball pythons
  11 bats
  A frilled lizard (D:1)
  6 rats
  A spectral goblin (D:8)
176 creatures vanquished.

Notes
Turn   | Place    | Note
-------+----------+-------------------------------------------
     0 | D:1      | LeprechaunX the Octopode Shapeshifter began the quest for
                  | the Orb.
     0 | D:1      | Reached XP level 1. HP: 13/13 MP: 1/1
    59 | D:1      | Reached XP level 2. HP: 18/18 MP: 2/2
   579 | D:1      | Reached XP level 3. HP: 23/23 MP: 3/3
  1019 | D:2      | Noticed Sigmund
  1027 | D:2      | Killed Sigmund
  1028 | D:2      | Reached skill level 4 in Shapeshifting
  1028 | D:2      | Reached XP level 4. HP: 30/30 MP: 4/4
  1028 | D:2      | Reached XP level 5. HP: 35/35 MP: 5/5
  1200 | D:2      | Reached XP level 6. HP: 39/41 MP: 6/6
  1234 | D:2      | Noticed Robin
  1252 | D:2      | Killed Robin
  1500 | D:2      | Found a runed translucent door.
  1501 | D:2      | Noticed Crazy Yiuf
  1668 | D:2      | Killed Crazy Yiuf
  1673 | D:2      | Identified the +6 hammer "Fexyli" {heavy, Contam rPois
                  | Int+2 SInv}
  1729 | D:3      | Identified the "Vachisao"
  1729 | D:3      | Identified the "Dimeecodea"
  1729 | D:3      | Identified the of Nyhedos
  1847 | D:3      | Found Rit Lima's Weapon Boutique.
  1893 | D:3      | Found Piroash's Antique Armour Boutique.
  2161 | D:3      | Noticed Natasha
  2163 | D:3      | Found a faded altar of an unknown god.
  2167 | D:3      | Killed Natasha
  2202 | D:3      | Noticed Natasha
  2208 | D:3      | Killed Natasha
  2209 | D:3      | Reached skill level 1 in Evocations
  2230 | D:3      | Found Vifror's Book Boutique.
  2297 | D:3      | Noticed Natasha
  2302 | D:3      | Killed Natasha
  2392 | D:3      | Reached XP level 7. HP: 45/46 MP: 7/7
  2446 | D:3      | Found a shimmering blue altar of Sif Muna.
  2548 | D:4      | Reached skill level 5 in Shapeshifting
  2808 | D:4      | Found Vudokk's Gadget Gallery.
  3051 | D:4      | Found Zips's Distillery.
  3494 | D:4      | Reached skill level 1 in Throwing
  3525 | D:4      | Noticed Eustachio
  3531 | D:4      | Killed Eustachio
  3532 | D:4      | Reached XP level 8. HP: 43/53 MP: 8/8
  3749 | D:5      | Entered Level 5 of the Dungeon
  3871 | D:5      | Found a white marble altar of Elyvilon.
  3988 | D:5      | Reached skill level 5 in Unarmed Combat
  3988 | D:5      | Reached skill level 6 in Shapeshifting
  4008 | D:5      | Found a blossoming altar of Fedhas.
  4808 | D:6      | Found an opulent altar of Gozag.
  4813 | D:6      | Reached skill level 1 in Spellcasting
  5018 | D:6      | Reached XP level 9. HP: 51/59 MP: 7/10
  5162 | D:6      | Found a staircase to the Ecumenical Temple.
  5184 | Temple   | Entered the Ecumenical Temple
  5536 | D:6      | Reached skill level 5 in Dodging
  6465 | D:7      | Found a shadowy altar of Dithmenos.
  6490 | D:7      | Reached skill level 7 in Shapeshifting
  6631 | D:7      | Reached skill level 5 in Fighting
  6764 | D:7      | Found a glowing golden altar of the Shining One.
  6899 | D:7      | Noticed a two-headed ogre
  6922 | D:7      | Killed a two-headed ogre
  6923 | D:7      | Reached skill level 8 in Shapeshifting
  6923 | D:7      | Reached XP level 10. HP: 60/66 MP: 11/14
  6951 | D:7      | Found a radiant altar of Vehumet.
  6951 | D:7      | Found a shimmering altar of Xom.
  7119 | D:8      | Reached skill level 5 in Evocations
  7338 | D:8      | Found a sparkling altar of Nemelex Xobeh.
  8455 | D:8      | Found a hazy altar of Hepliaklqana.
  8465 | D:8      | Became a worshipper of Hepliaklqana the Forgotten
  8499 | D:8      | HP: 3/68 [poisoned by a gnoll sergeant]
  8500 | D:8      | Succumbed to a gnoll sergeant's poison

Illustrated notes

Levels and vault maps discovered:
D:1:      roadster_arrival_rocket_small, layout_loops_ring, dk_noncrumbling_2
D:2:      layout_rooms, uniq_sigmund, uniq_robin, uniq_crazy_yiuf_cottage
D:3:      layout_rooms, nicolae_sif_muna_little_library, serial_shops, shop,
          nicolae_shop_behind_doors, nicolae_book_shop_shelving,
          ebering_ecumenical_altar_rust, uniq_natasha
D:4:      layout_basic, serial_shops, nicolae_shop_tiny_real_fake_doors,
          nicolae_shop_gadgets, uniq_eustachio
D:5:      layout_basic, lemuel_tele_altar, elyvilon_altar_3
D:6:      minmay_skewed_foursquare, layout_layer_cave,
          nicolae_overflow_hidden_temple, minmay_temple_entry_sparse_star
D:7:      layout_gridville, lemuel_crystal_altar,
          nicolae_overflow_crystal_walls, nicolae_overflow_two_pavilions
D:8:      layout_loops_ring, general_overflow_altar,
          nicolae_hepliaklqana_monster_ancestors, kennysheep_kite_vault
Temple:   jpeg_temple_island

Skill      XL: |  1  2  3  4  5  6  7  8  9 10 |
---------------+-------------------------------+-----
Fighting       | 2 3 4 5 6 |  6.0
Dodging        | 3 4 5 |  5.0
Shapeshifting  | 4 5 6 8 |  8.5
Unarmed Combat | 4 5 6 |  6.0
Evocations     | 1 2 3 4 5 |  5.4
Throwing       | 1 2 3 |  3.0
Spellcasting   | 1 3 |  3.6

Action                     |  1- 3 |  4- 6 |  7- 9 | 10-12 || total
---------------------------+-------+-------+-------+-------++-------
  Melee: Unarmed           |    52 |   110 |   219 |    53 ||   434
         Tentacles         |    12 |    18 |    50 |    11 ||    91
         Constrict         |    17 |    32 |    54 |    12 ||   115
         Punch             |     2 |     4 |    11 |     1 ||    18
   Fire: Sling             |       |     2 |     4 |     1 ||     7
  Throw: Boomerang         |       |       |    25 |       ||    25
  Evoke: Wand              |       |       |     7 |       ||     7
   Stab: Sleeping          |     7 |     9 |    11 |     1 ||    28
 Armour: Skin              |    20 |    46 |    93 |    43 ||   202
  Dodge: Dodged            |    25 |    45 |   100 |    23 ||   193

Table legend: (Time is in decaauts)
 A = Elapsed time spent in this place.
 B = Non-inter-level travel time spent in this place.
 C = Inter-level travel time spent in this place.
 D = Time resting spent in this place.
 E = Time spent auto-exploring this place.
 F = Levels seen in this place.
 G = Mean time per level.
                   A        B        C        D        E       F      G
               +--------+--------+--------+--------+--------+-----+--------+
         Total |   8490 |   8119 |    371 |   1097 |   5699 |   9 |  943.3 |
       Dungeon |   8489 |   8118 |    371 |   1097 |   5699 |   8 | 1061.1 |
        Temple |      1 |      1 |      0 |      0 |      0 |   1 |    1.0 |
               +--------+--------+--------+--------+--------+-----+--------+

Top non-repeatable levels by time:
     D:6: 1555 daAuts
     D:8: 1304 daAuts
     D:3: 1201 daAuts
     D:5: 1015 daAuts
     D:1: 954 daAuts
     D:7: 859 daAuts
     D:2: 805 daAuts
     D:4: 792 daAuts
  Temple: 1 daAuts
